 Dungeon Crawl Stone Soup version 0.23.0 (webtiles) character file.

Game seed: 17761274345096870401

197582 Faca the Swashbuckler (level 19, -6/127 HPs)
             Began as a Halfling Abyssal Knight on Feb 13, 2019.
             Was the Champion of Lugonu.
             Mangled by an alligator (13 damage)
             ... on level 2 of the Swamp on Feb 14, 2019.
             The game lasted 02:20:38 (43657 turns).

Faca the Swashbuckler (Halfling Abyssal Knight)    Turns: 43657, Time: 02:20:39

Health: -6/127     AC: 21    Str: 22    XL:     19   Next: 11%
Magic:  0/27       EV: 29    Int: 14    God:    Lugonu [******]
Gold:   603        SH:  0    Dex: 32    Spells: 18/18 levels left

rFire    . . .     SeeInvis +   X - +4 rapier (elec)
rCold    . . .     Gourm    .   (shield restricted)
rNeg     . . .     Faith    .   R - +4 scale mail "Duqatay" {Stlth+}
rPois    +         Spirit   +   A - +2 helmet
rElec    .         Reflect  .   D - scarf {repulsion}
rCorr    .         Harm     .   Y - +0 pair of gloves {Dex+3}
MR       +....                  a - +0 pair of boots
Stlth    +++++++...             h - amulet of Tab Zadek {Spirit Slay+3}
HPRegen  0.31/turn              W - ring of the Wary Runes {+Fly Str+9 Dex+3 Slay+3 SInv}
MPRegen  0.20/turn              J - ring of Reaph {rPois Int+4 Dex+4 SInv Stlth+}

@: hasted and slowed, repel missiles
A: small, iridescent scales 1, mutation resistance 1
}: 1/15 runes: serpentine
a: Depart the Abyss, Bend Space, Banish, Corrupt, Enter the Abyss, Brand Weapon
With Distortion, Renounce Religion, Evoke Flight


You were on level 2 of the Swamp.
You worshipped Lugonu.
Lugonu was exalted by your worship.
You were not hungry.

You visited 5 branches of the dungeon, and saw 26 of its levels.
You visited the Abyss 1 time.
You also visited: Ice Cave.

You collected 2661 gold pieces.
You spent 2058 gold pieces at shops.

Inventory:

Hand Weapons
 b - a +0 hunting sling
 t - a +5 falchion of holy wrath
 G - a +3 rapier of venom
 K - the +8 demon trident "Rift" {distort, reach+}
   (You found it on level 3 of the Lair of Beasts)

   It warps and distorts space around it.
   Unwielding it can cause banishment or high damage.
 M - the +1 dagger of the Imperium {speed, Dex+4 Stlth+}
   (You found it on level 11 of the Dungeon)

   Attacks with this weapon are significantly faster.
   It affects your dexterity (+4).
   It makes you more stealthy.
 X - a +4 rapier of electrocution (weapon)
Missiles
 n - 526 stones (quivered)
 B - 120 sling bullets
 L - 3 throwing nets
Armour
 a - a +0 pair of boots (worn)
 A - a +2 helmet (worn)
 D - a scarf of repulsion (worn)
 R - the +4 scale mail "Duqatay" (worn) {Stlth+}
   (You found it on level 1 of the Snake Pit)

   It makes you more stealthy.
 Y - a +0 pair of gloves of dexterity (worn)
Jewellery
 h - the amulet of Tab Zadek (around neck) {Spirit Slay+3}
   (You acquired it on level 3 of the Lair of Beasts)

   [amulet of guardian spirit]

   It causes incoming damage to be split between your health and magic.
   It affects your accuracy and damage with ranged weapons and melee attacks
   (+3).
 J - the ring of Reaph (right hand) {rPois Int+4 Dex+4 SInv Stlth+}
   (You bought it in a shop on level 2 of the Orcish Mines)

   [ring of intelligence]

   It affects your intelligence (+4).
   It affects your dexterity (+4).
   It protects you from poison.
   It lets you see invisible.
   It makes you more stealthy.
 P - an uncursed ring of protection from fire
 W - the ring of the Wary Runes (left hand) {+Fly Str+9 Dex+3 Slay+3 SInv}
   (You bought it in a shop on level 2 of the Orcish Mines)

   [ring of see invisible]

   It affects your strength (+9).
   It affects your dexterity (+3).
   It affects your accuracy and damage with ranged weapons and melee attacks
   (+3).
   It lets you see invisible.
   It lets you fly.
Wands
 l - a wand of flame (18)
 s - a wand of iceblast (4)
 C - a wand of paralysis (6)
 H - a wand of digging (13)
 S - a wand of disintegration (5)
 T - a wand of scattershot (9)
Scrolls
 e - 4 scrolls of enchant weapon
 m - 4 scrolls of fog
 o - a scroll of magic mapping
 p - 7 scrolls of immolation
 v - 3 scrolls of fear
 w - 8 scrolls of remove curse
 y - 2 scrolls of summoning
 I - 2 scrolls of enchant armour
Potions
 d - a potion of curing
 g - 2 potions of resistance
 i - a potion of haste
 k - 2 potions of magic
 q - 3 potions of agility
 r - a potion of ambrosia
 z - 5 potions of brilliance
 F - 3 potions of mutation
 Q - 3 potions of flight
 U - a potion of lignification
 V - 3 potions of might
Comestibles
 c - 16 rations


   Skills:
 - Level 10.6 Fighting
 - Level 17.1(17.2) Short Blades
 - Level 1.2(10.0) Long Blades
 + Level 13.4 Polearms
 - Level 7.9 Slings
 - Level 10.0 Armour
 + Level 13.6 Dodging
 + Level 13.2 Stealth
   Level 6.1 Shields
 - Level 11.8 Invocations


You had 18 spell levels left.
You didn't know any spells.
Your spell library contained the following spells:

 Spells                   Type           Power        Failure   Level  Hunger
 Animate Skeleton         Necr           N/A          54%         1    ##.....
 Apportation              Tloc           #.....       54%         1    ##.....
 Confusing Touch          Hex            #.....       54%         1    ##.....
 Corona                   Hex            #......      54%         1    ##.....
 Magic Dart               Conj           #...         54%         1    ##.....
 Summon Small Mammal      Summ           #...         54%         1    ##.....
 Blink                    Tloc           N/A          67%         2    ###....
 Call Imp                 Summ           #.......     67%         2    ###....
 Ensorcelled Hibernation  Hex/Ice        #.....       67%         2    ###....
 Shroud of Golubria       Chrm/Tloc      #.........   67%         2    ###....
 Slow                     Hex            #.......     67%         2    ###....
 Confuse                  Hex            #.......     88%         3    ####...
 Conjure Flame            Conj/Fire      #.......     88%         3    ####...
 Dazzling Spray           Conj/Hex       #.....       88%         3    ####...
 Gell's Gravitas          Tloc           #.........   88%         3    ####...
 Lesser Beckoning         Tloc           #.........   88%         3    ####...
 Mephitic Cloud           Conj/Pois/Air  #.......     88%         3    ####...
 Recall                   Summ/Tloc      N/A          88%         3    ####...
 Teleport Other           Tloc           #.......     88%         3    ####...
 Tukima's Dance           Hex            #.......     88%         3    ####...
 Animate Dead             Necr           N/A          99%         4    #####..
 Passage of Golubria      Tloc           N/A          99%         4    #####..
 Borgnjor's Vile Clutch   Necr/Erth      #.........   100%        5    ######.
 Death Channel            Necr           #.........   100%        6    #######
 Simulacrum               Ice/Necr       #.........   100%        6    #######


Dungeon Overview and Level Annotations

Branches:
Dungeon (12/15)            Temple (0/1) D:7            Lair (6/6) D:8
  Swamp (2/4) Lair:3        Snake (4/4) Lair:4        Slime (0/5) Lair:5
    Orc (2/2) D:12            Elf (0/3) Orc:2

Altars:
Ashenzari
Elyvilon
Fedhas
Gozag
Kikubaaqudgha
Qazlal
Ru
Sif Muna
Wu Jian
Yredelemnul
The Shining One

Shops:
D:4 [   D:9 *   D:11 %   D:12 ?   Orc:2 *}[=[   Snake:3 [

Annotations:
Lair:1 2 transporters, Keith's ghost, novice MiFi
Snake:3 Vashnia
Abyss:1 Kirke


Innate Abilities, Weirdness & Mutations

You are small and have problems with some larger weapons.
You are somewhat resistant to further mutation.
You are partially covered in iridescent scales. (AC +2)


Message History

* * * LOW HITPOINT WARNING * * *
The alligator completely misses you. x2; The alligator barely misses you.
The bog body gestures at you while chanting.
The bolt of cold misses you. The alligator completely misses you. x2
The seven-headed hydra roars!
Space bends around you!
You blink.
Splash!
You fall into the shallow water.
Moving in this stuff is going to be slow.
The swamp worm throws harpoon shot at you.
The harpoon shot is repelled.
Unknown command.
The swamp worm throws harpoon shot at you.
The harpoon shot misses you. The alligator completely misses you.
The alligator tail-slaps you but does no damage.
The alligator bites you.
* * * LOW HITPOINT WARNING * * *
The alligator tail-slaps you but does no damage.
The alligator bites you!
You die...

***** *,,≈* **≈≈.♣* ♣♣♣♣♣
♣♣≈≈≈.♣♣* ♣...♣♣ ***
≈♣...≈§.♣♣♣♣♣♣≈≈@≈♣♣♣♣≈♣*
....♣♣≈..≈....≈tt.≈≈≈...*
..≈≈.♣....≈≈≈≈v≈≈D..!≈≈≈**
≈.≈≈.♣..≈≈≈≈≈≈≈ww≈....≈≈,*
≈≈..♣♣♣♣≈≈..≈v≈≈≈≈.♣..≈♣**
≈≈..≈≈.≈.≈..≈≈≈n≈≈...≈♣♣
.>.†..≈.♣♣≈...v≈≈≈≈≈.≈♣
≈...≈≈≈.♣♣♣.≈.≈≈≈≈≈≈≈.♣*
≈.≈≈≈≈≈≈≈♣♣♣♣§≈≈≈.!.≈.≈♣


You could see 2 alligators, a seven-headed hydra, a bog body, 2 swamp worms and
3 insubstantial wisps.

Vanquished Creatures
  Nikola (Snake:3)
  Rupert (Lair:6)
  Gastronok (D:11)
  14 nagarajas
  Nessos (Lair:5)
  Fannar (D:9)
  Harold (D:10)
  6 hydras
  A merfolk avatar (Lair:6)
  11 naga warriors
  9 two-headed ogres
  A ghost crab (Swamp:1)
  2 ogre magi (Orc:2)
  16 anacondas
  Urug (D:10)
  14 death yaks
  15 shock serpents
  14 naga sharpshooters
  Nergalle (D:10)
  8 salamander mystics
  2 deep trolls (Orc:1)
  A sea snake (Lair:6)
  8 naga ritualists
  4 swamp dragons
  2 deep elf magi (Orc:2)
  A harpy (Lair:6)
  4 lindwurms (Snake:4)
  An orc sorcerer (Orc:1)
  The ghost of mordus the Cleaver, a novice MiBe of Trog (D:6)
  An orc knight (D:12)
  16 mana vipers
  2 ugly things (D:12)
  3 manticores
  2 cyclopes (Orc:2)
  A centaur zombie (D:12)
  8 salamanders
  14 elephants (Lair:6)
  8 guardian serpents
  44 black mambas
  3 torpor snails
  15 naga magi
  2 ice statues
  7 spiny frogs
  5 rime drakes (Lair:6)
  7 komodo dragons
  4 kobold demonologists
  An ice devil (Lair:3)
  17 polar bears
  Prince Ribbit (D:8)
  12 trolls
  3 hornets
  3 slime creatures (Swamp:1)
  Grinder (D:3)
  A bog body (Swamp:1)
  7 hippogriffs
  8 blink frogs
  50 yaks
  A spriggan (Swamp:1)
  2 shadows
  A wraith (D:10)
  4 wyverns
  Eustachio (D:4)
  2 vampire mosquitoes (D:12)
  2 hogs (Snake:3)
  2 wargs
  29 nagas
  2 swamp worms (Swamp:1)
  Duvessa (D:4)
  6 porcupines
  A swamp drake (Orc:2)
  10 water moccasins
  A black bear (D:7)
  17 orc warriors
  2 sky beasts
  8 phantoms
  16 ice beasts
  17 wolves
  27 ogres
  6 crocodiles
  5 centaurs
  3 big kobolds
  16 bullfrogs
  Dowan (D:3)
  6 scorpions
  8 killer bees
  3 wights (D:11)
  A howler monkey (D:10)
  6 crimson imps
  2 bullfrog zombies
  3 bullfrog skeletons
  20 orc priests
  11 hounds
  15 jellies
  An iron imp (Orc:2)
  31 orc wizards
  2 iguanas
  Natasha (D:4)
  A hell rat (D:7)
  7 worker ants
  3 hound skeletons
  2 worker ant zombies
  Robin (D:1)
  6 adders
  A river rat (D:8)
  3 shadow imps
  A white imp (Orc:2)
  2 oozes
  2 adder zombies
  2 adder skeletons
  5 worms
  6 dart slugs
  3 leopard geckos
  77 orcs
  6 giant cockroaches
  13 goblins
  8 hobgoblins
  15 jackals
  18 kobolds
  8 quokkas
  4 bats
  2 frilled lizards
  3 rats
  3 plants (Lair:4)
884 creatures vanquished.

Vanquished Creatures (others)
  A frost giant (IceCv)
  A naga warrior (Snake:3)
  An anaconda (Snake:1)
  A two-headed ogre (D:7)
  A naga sharpshooter (Snake:3)
  A shock serpent (Snake:3)
  A salamander mystic (Snake:2)
  A naga ritualist (Snake:2)
  A mana viper (Snake:2)
  4 salamanders
  2 hogs (Snake:3)
  A naga (Snake:2)
  An orc wizard (Orc:2)
  A shadow imp (Orc:2)
  13 orcs (Orc:2)
  A quokka (D:8)
  19 fungi
  25 plants
76 creatures vanquished.

Grand Total: 960 creatures vanquished

Notes
Turn   | Place    | Note
-------+----------+-------------------------------------------
     0 | Abyss:1  | Faca the Halfling Abyssal Knight began the quest for the
                  | Orb.
     0 | Abyss:1  | Reached XP level 1. HP: 15/15 MP: 2/2
     7 | Abyss:1  | Found a corrupted altar of Lugonu.
    22 | D:1      | Escaped the Abyss
   403 | D:1      | Reached XP level 2. HP: 20/20 MP: 3/3
   434 | D:1      | Reached skill level 3 in Short Blades
   961 | D:2      | Reached XP level 3. HP: 26/26 MP: 4/4
  1053 | D:2      | Noticed Robin
  1055 | D:2      | Reached ** piety under Lugonu
  1259 | D:1      | Killed Robin
  1469 | D:2      | Reached XP level 4. HP: 27/31 MP: 5/5
  1556 | D:2      | Reached skill level 4 in Short Blades
  2143 | D:3      | Reached skill level 1 in Slings
  2275 | D:3      | You fall through a shaft for 2 floors!
  2275 | D:5      | Entered Level 5 of the Dungeon
  2283 | D:5      | Reached XP level 5. HP: 35/37 MP: 6/6
  2431 | D:4      | Noticed Eustachio
  2464 | D:4      | HP: 1/37 [jackal (2)]
  2470 | D:4      | Found a basalt altar of Yredelemnul.
  2473 | D:4      | Found a white marble altar of Elyvilon.
  2473 | D:4      | Found an ancient bone altar of Kikubaaqudgha.
  2476 | D:4      | Found a sacrificial altar of Ru.
  2533 | D:4      | Noticed Duvessa
  2550 | D:4      | Noticed a phantom
  2566 | D:4      | Noticed Dowan
  2755 | D:5      | Found an ornate altar of the Wu Jian Council.
  2845 | D:5      | Reached XP level 6. HP: 20/43 MP: 7/7
  3071 | D:5      | Reached skill level 5 in Short Blades
  3430 | D:5      | Reached *** piety under Lugonu
  3960 | D:5      | Noticed a phantom
  4030 | D:5      | Killed a phantom
  4030 | D:5      | Reached XP level 7. HP: 31/49 MP: 8/8
  4606 | D:4      | Found Qinlagust's Antique Armour Boutique.
  4746 | D:3      | Found a stormy altar of Qazlal.
  4975 | D:3      | Noticed Grinder
  5001 | D:3      | Gained mutation: You are partially covered in iridescent
                  | scales. (AC +2) [potion of mutation]
  5001 | D:3      | Paralysed by Grinder for 2 turns
  5006 | D:3      | Killed Grinder
  5006 | D:3      | Reached skill level 5 in Fighting
  5006 | D:3      | Reached skill level 6 in Short Blades
  5553 | D:4      | Reached XP level 8. HP: 46/56 MP: 10/10
  5737 | D:4      | Killed Duvessa
  5743 | D:3      | Killed Dowan
  6185 | D:4      | Reached skill level 7 in Short Blades
  6356 | D:4      | Killed Eustachio
  6550 | D:4      | Noticed Natasha
  6555 | D:4      | Killed Natasha
  6823 | D:6      | Reached skill level 5 in Invocations
  6823 | D:6      | Reached XP level 9. HP: 50/63 MP: 12/12
  6837 | D:6      | Found a runed translucent gate.
  6837 | D:6      | Found a runed translucent gate.
  6837 | D:6      | Noticed mordus's ghost (novice MiBe)
  6838 | D:6      | Found a runed translucent gate.
  6838 | D:6      | Noticed a seven-headed hydra
  6998 | D:6      | Reached skill level 1 in Stealth
  7012 | D:6      | Reached skill level 8 in Short Blades
  7762 | D:7      | Found a staircase to the Ecumenical Temple.
  7790 | D:7      | Reached **** piety under Lugonu
  7964 | D:7      | Noticed a two-headed ogre
  7971 | D:7      | Banished a two-headed ogre
  7971 | D:7      | Reached skill level 9 in Short Blades
  8008 | D:7      | Found a blossoming altar of Fedhas.
  8596 | D:8      | Noticed a hippogriff
  8659 | D:8      | Found a staircase to the Lair.
  8664 | D:8      | Noticed a death yak
  8665 | D:8      | Noticed a death yak
  8674 | D:7      | Reached skill level 1 in Shields
  8795 | D:7      | Reached skill level 5 in Stealth
  8817 | D:7      | Reached XP level 10. HP: 51/71 MP: 13/13
  9559 | D:8      | Noticed Prince Ribbit
  9587 | D:8      | Killed Prince Ribbit
  9911 | D:8      | Found a shattered altar of Ashenzari.
 10036 | D:8      | Reached ***** piety under Lugonu
 10324 | D:8      | Noticed a death yak
 10357 | D:7      | Killed a death yak
 10357 | D:7      | Reached skill level 10 in Short Blades
 10357 | D:7      | Reached skill level 5 in Shields
 10482 | D:7      | Killed a death yak
 10482 | D:7      | Reached XP level 11. HP: 25/78 MP: 14/14
 10774 | D:8      | Killed a death yak
 11111 | D:9      | Found Ridejeit's General Store.
 11186 | D:9      | Found a glowing golden altar of the Shining One.
 11427 | D:9      | You fall through a shaft for 2 floors!
 11427 | D:11     | Found Fowuawi's Food Boutique.
 11447 | D:11     | Noticed Gastronok
 11671 | D:11     | Reached skill level 11 in Short Blades
 11717 | D:11     | Noticed a manticore
 11738 | D:10     | Entered Level 10 of the Dungeon
 11821 | D:10     | Noticed Nergalle
 11844 | D:10     | Killed Nergalle
 12158 | D:10     | Noticed Fannar
 12618 | D:9      | Killed Fannar
 13054 | D:10     | Noticed Harold
 13057 | D:10     | Noticed Urug
 13354 | D:10     | Killed Urug
 13427 | D:10     | Killed Harold
 13893 | D:11     | Reached skill level 10 in Fighting
 13938 | D:11     | Killed Gastronok
 13938 | D:11     | Reached skill level 12 in Short Blades
 13938 | D:11     | Reached skill level 5 in Dodging
 13938 | D:11     | Reached XP level 12. HP: 87/87 MP: 15/15
 13946 | D:11     | Got a bloodstained dagger
 14338 | D:11     | Identified the cursed +1 dagger of the Imperium {speed,
                  | Dex+4 Stlth+} (You found it on level 11 of the Dungeon)
 14345 | D:10     | Found an opulent altar of Gozag.
 14733 | D:12     | Found Zeaz's Magic Scroll Emporium.
 14739 | D:12     | Bought a scroll of enchant armour for 75 gold pieces
 15154 | D:12     | Found a staircase to the Orcish Mines.
 15673 | D:12     | Reached ****** piety under Lugonu
 16225 | D:12     | Noticed a two-headed ogre
 16250 | D:12     | Killed a two-headed ogre
 16250 | D:12     | Reached skill level 13 in Short Blades
 16442 | D:12     | Reached skill level 10 in Stealth
 16791 | Lair:1   | Entered Level 1 of the Lair of Beasts
 16808 | Lair:1   | Reached XP level 13. HP: 92/92 MP: 16/16
 16813 | Lair:1   | Found a stormy altar of Qazlal.
 16932 | Lair:1   | Noticed a five-headed hydra
 16953 | D:8      | Killed a five-headed hydra
 17418 | Lair:1   | Noticed an eight-headed hydra
 17474 | Lair:1   | Killed an eight-headed hydra
 17690 | Lair:1   | Found a transporter.
 17693 | Lair:1   | Noticed an eight-headed hydra
 17697 | Lair:1   | Noticed Keith's ghost (novice MiFi)
 17724 | Lair:1   | Found a transporter.
 18219 | Lair:2   | Noticed a five-headed hydra
 18235 | Lair:2   | Killed a five-headed hydra
 18612 | Lair:2   | Noticed a six-headed hydra
 18653 | Lair:2   | Killed a six-headed hydra
 18653 | Lair:2   | Reached skill level 14 in Short Blades
 19639 | Lair:3   | Found the +8 demon trident "Rift" {distort, reach+}
 19692 | Lair:3   | Found a staircase to the Swamp.
 19697 | Lair:3   | Found a frozen archway.
 19827 | IceCv    | Entered an ice cave
 20273 | IceCv    | Reached skill level 10 in Dodging
 20791 | IceCv    | Noticed a frost giant
 21050 | IceCv    | Banished a frost giant
 21050 | IceCv    | Reached XP level 14. HP: 85/99 MP: 15/20
 21721 | Lair:3   | Reached skill level 15 in Short Blades
 22165 | Lair:3   | Identified 2 scrolls of acquirement
 22199 | Lair:3   | Got a translucent diamond amulet
 22808 | Lair:3   | Identified the amulet of Tab Zadek {Spirit Slay+3} (You
                  | acquired it on level 3 of the Lair of Beasts)
 23564 | Lair:4   | Reached skill level 10 in Invocations
 23858 | Lair:4   | Found a staircase to the Snake Pit.
 24707 | Lair:5   | Noticed Nessos
 24782 | Lair:5   | Killed Nessos
 25091 | Lair:5   | Found a staircase to the Slime Pits.
 25979 | Lair:6   | Entered Level 6 of the Lair of Beasts
 26168 | Lair:6   | Reached skill level 16 in Short Blades
 26335 | Lair:6   | Reached XP level 15. HP: 71/103 MP: 20/23
 27068 | Lair:6   | Noticed Rupert
 27196 | Lair:6   | Killed Rupert
 27634 | Lair:6   | Reached skill level 5 in Armour
 27952 | Lair:6   | Reached skill level 5 in Slings
 28232 | Snake:1  | Entered Level 1 of the Snake Pit
 28446 | Orc:1    | Entered Level 1 of the Orcish Mines
 29032 | Orc:1    | Paralysed by an orc sorcerer for 3 turns
 29203 | Orc:2    | Entered Level 2 of the Orcish Mines
 29217 | Orc:1    | Noticed an orc warlord
 30094 | Orc:2    | Found a staircase to the Elven Halls.
 30242 | Orc:2    | Reached XP level 16. HP: 101/109 MP: 24/24
 30406 | Orc:2    | Reached skill level 17 in Short Blades
 30796 | Orc:2    | Found Ruetziwn's Antique Armour Emporium.
 30796 | Orc:2    | Found Efyfido's Gadget Shoppe.
 30807 | Orc:2    | Found Pekhom's Jewellery Boutique.
 30829 | Orc:2    | Found Geakhleo's Armour Shoppe.
 30854 | Orc:2    | Bought a cursed ring of attention for 54 gold pieces
 30855 | Orc:2    | Bought the ring of the Wary Runes {+Fly Str+9 Dex+3 Slay+3
                  | SInv} for 742 gold pieces
 30866 | Orc:2    | Bought a glowing helmet for 240 gold pieces
 30866 | Orc:2    | Bought a distressingly furry helmet for 304 gold pieces
 30906 | Orc:2    | Identified the -5 helmet of Eternity {+Inv Dex+4 SInv} (You
                  | bought it in a shop on level 2 of the Orcish Mines)
 30930 | Orc:2    | Bought the ring of Reaph {rPois Int+4 Dex+4 SInv Stlth+}
                  | for 643 gold pieces
 31019 | Orc:2    | Found Teluy's Mass Market.
 31679 | D:6      | Killed mordus's ghost
 32151 | Snake:1  | Reached skill level 1 in Long Blades
 32334 | Snake:1  | Got an ichor-stained scale mail
 32345 | Snake:1  | Identified the +4 scale mail "Duqatay" {Stlth+} (You found
                  | it on level 1 of the Snake Pit)
 32434 | Snake:1  | Reached skill level 1 in Polearms
 33528 | Snake:2  | Reached skill level 5 in Polearms
 34122 | Snake:2  | Noticed a nagaraja
 34604 | Snake:2  | Noticed a nagaraja
 34611 | Snake:2  | Killed a nagaraja
 34778 | Snake:3  | Noticed Nikola
 35183 | Snake:2  | Banished a nagaraja
 35327 | Snake:3  | Noticed Vashnia
 35352 | Snake:3  | Reached XP level 17. HP: 100/115 MP: 21/25
 35470 | Snake:3  | Noticed Kirke
 35482 | Snake:3  | Banished Kirke
 36244 | Snake:3  | Reached skill level 10 in Polearms
 36672 | Snake:3  | Found Daply's Armour Shop.
 37921 | Snake:3  | Killed Nikola
 38186 | Snake:4  | Entered Level 4 of the Snake Pit
 39147 | Snake:4  | Found a deep blue altar of Sif Muna.
 39590 | Snake:4  | Reached XP level 18. HP: 88/122 MP: 26/26
 41054 | Snake:4  | Reached skill level 10 in Armour
 42906 | Snake:4  | Got a serpentine rune of Zot
 42916 | Snake:4  | Reached XP level 19. HP: 119/127 MP: 25/27
 43195 | Swamp:1  | Entered Level 1 of the Swamp
 43600 | Swamp:1  | You fall through a shaft!
 43657 | Swamp:2  | Mangled by an alligator

Skill      XL: |  1  2  3  4  5  6  7  8  9 10 11 12 13 14 15 16 17 18 |
---------------+-------------------------------------------------------+-----
Fighting       | 3 4 5 6 7 8 10 | 10.6
Short Blades   | 3 4 5 6 7 9 10 12 13 14 16 17 | 17.1
Slings         | 1 2 4 6 7 |  7.9
Invocations    | 3 5 8 10 11 | 11.8
Stealth        | 5 6 8 10 11 13 | 13.2
Shields        | 1 5 6 |  6.1
Dodging        | 5 8 10 12 13 | 13.6
Armour         | 5 8 10 | 10.0
Long Blades    | 1 |  1.2
Polearms       | 8 11 13 | 13.4

Action                   |  1- 3 |  4- 6 |  7- 9 | 10-12 | 13-15 | 16-18 | 19-21 || total
-------------------------+-------+-------+-------+-------+-------+-------+-------++-------
Melee: Short sword       |   121 |   362 |   239 |       |       |       |       ||   722
       Unarmed           |       |       |     1 |       |       |       |       ||     1
       Falchion          |       |       |   137 |    61 |       |       |       ||   198
       Rapier            |       |       |       |   805 |  1970 |   931 |   102 ||  3808
       Dagger            |       |       |       |       |    29 |     2 |       ||    31
       Demon trident     |       |       |       |       |       |   475 |       ||   475
 Fire: Hunting sling     |       |    24 |    51 |    13 |     5 |    75 |       ||   168
Throw: Stone             |       |       |       |       |       |     2 |       ||     2
Invok: Bend Space        |       |     3 |       |       |     2 |       |     2 ||     7
       Banish            |       |       |     1 |       |     8 |       |       ||     9
Evoke: Wand              |       |       |     2 |       |     1 |     2 |       ||     5
  Use: Potion            |       |     3 |     2 |     1 |     2 |     8 |     1 ||    17
       Scroll            |       |       |    15 |     7 |     8 |    18 |     1 ||    49
 Stab: Sleeping          |     1 |       |       |    12 |    17 |    17 |       ||    47
       Distracted        |       |       |       |     5 |     4 |    18 |     2 ||    29
       Confused          |       |       |       |       |       |     2 |       ||     2
  Eat: Chunk             |     2 |     5 |     6 |    10 |    31 |    13 |     3 ||    70
       Ration            |       |     1 |     3 |     5 |     4 |     8 |       ||    21
Armor: Leather armour    |    28 |       |       |       |       |       |       ||    28
       Ring mail         |     4 |   132 |   150 |   183 |   269 |    19 |       ||   757
       Scale mail        |       |       |       |       |       |   124 |    30 ||   154
Dodge: Dodged            |    83 |   229 |   225 |   298 |  1021 |   921 |   125 ||  2902
       Deflected         |       |       |       |       |     7 |    73 |     7 ||    87
Block: Buckler           |       |       |    20 |   358 |   755 |    50 |       ||  1183
       Reflection        |       |       |       |     5 |       |       |       ||     5
       Rpst.: Falchion   |       |       |    31 |    12 |       |       |       ||    43
